 Dungeon Crawl Stone Soup version 0.24.0-35-gdb84b6a5db (webtiles) character file.

Game seed: 2709500650770426282, levelgen mode: deterministic

138 Flugslaktarn the Skirmisher (level 5, -2/47 HPs)
             Began as a Minotaur Fighter on Nov 18, 2019.
             Killed by divine providence
             ... invoked by an orc priest
              (11 damage)
             ... on level 3 of the Dungeon.
             The game lasted 00:00:40 (1288 turns).

Flugslaktarn the Skirmisher (Minotaur Fighter)      Turns: 1288, Time: 00:00:40

Health: -2/47      AC:  9    Str: 22    XL:     5   Next: 1%
Magic:  4/4        EV:  7    Int:  5    God:
Gold:   81         SH:  9    Dex:  9    Spells: 4/4 levels left

rFire    . . .     SeeInvis .   a - +0 war axe
rCold    . . .     Gourm    .   c - +0 shield
rNeg     . . .     Faith    .   b - +0 scale mail
rPois    .         Spirit   .   (helmet restricted)
rElec    .         Reflect  .   (no cloak)
rCorr    .         Harm     .   g - +0 pair of gloves
MR       .....                  h - +0 pair of boots
Stlth    ..........             (no amulet)
HPRegen  0.15/turn              (no ring)
MPRegen  0.09/turn              (no ring)

@: no status effects
A: retaliatory headbutt, horns 2
a: no special abilities


You were on level 3 of the Dungeon.
You were not hungry.

You visited 1 branch of the dungeon, and saw 3 of its levels.

You collected 81 gold pieces.

Inventory:

Hand Weapons
 a - a +0 war axe (weapon)
Armour
 b - a +0 scale mail (worn)
 c - a +0 shield (worn)
 g - a +0 pair of gloves (worn)
   (You found it on level 1 of the Dungeon)
 h - a +0 pair of boots (worn)
   (You found it on level 1 of the Dungeon)
Scrolls
 f - a scroll of identify {unknown}
 i - 2 scrolls of teleportation {unknown}
 k - a scroll of amnesia {unknown}
 m - a scroll of remove curse {unknown}
Potions
 d - a potion of might
 j - a potion of invisibility {unknown}
 l - a potion of mutation {unknown}
Comestibles
 e - 3 rations
 n - 5 chunks of flesh


   Skills:
 + Level 4.5 Fighting
 * Level 4.3 Axes
 + Level 4.4 Armour
 + Level 4.4 Shields


You had 4 spell levels left.
You didn't know any spells.
Your spell library was empty.

Dungeon Overview and Level Annotations

Branches:
Dungeon (3/15)

Altars:


Innate Abilities, Weirdness & Mutations

You reflexively headbutt those who attack you in melee.
You have a pair of horns on your head.


Message History

You slash the orc priest!
The orc priest is almost dead.
The orc priest hits you with a +0 dagger.
You block the orc priest's attack.
You hit the orc priest but do no damage.
The orc priest is almost dead.
The orc priest invokes the aid of Beogh against you.
Pain shoots through your body!
* * * LOW HITPOINT WARNING * * *
You are too injured to fight recklessly!
You are too injured to fight recklessly!
You are too injured to fight recklessly!
Unknown command.
You closely miss the orc priest.
You headbutt the orc priest, but do no damage.
The orc priest is almost dead.
The orc priest barely misses you.
The orc priest invokes the aid of Beogh against you.
Beogh smites you!
You die... #.## ##.## #>.# ##...## ##.# ##.....## #.# ....... #.# .....#.#.# #.# oo.

#.#.# #.# #o#
#.#.# ###.# #@#
#.#.# #...# #(#
#.#.# #..## #.#
#.#.# ##.#
#.###.#.# #.#
##.###.##....#
#.#
...........#..#
#.#
##########...##
#.# ##.## #.#
#.# #.#


You could see 2 orc priests and an orc.

Vanquished Creatures
  An orc wizard (D:3)
  An orc priest (D:3)
  3 gnolls (D:2)
  An adder (D:2)
  A worm (D:2)
  A dart slug (D:1)
  A leopard gecko (D:1)
  3 orcs (D:3)
  A ball python (D:1)
  2 goblins (D:1)
  A hobgoblin (D:2)
  4 jackals (D:1)
  2 quokkas (D:2)
  2 bats (D:1)
  A frilled lizard (D:2)
  6 kobolds
  6 rats
37 creatures vanquished.

Notes
Turn   | Place    | Note
-------+----------+-------------------------------------------
     0 | D:1      | Flugslaktarn the Minotaur Fighter began the quest for the
                  | Orb.
     0 | D:1      | Reached XP level 1. HP: 19/19 MP: 0/0
   370 | D:1      | Reached XP level 2. HP: 27/27 MP: 1/1
   765 | D:2      | Reached XP level 3. HP: 32/33 MP: 2/2
   932 | D:2      | Reached XP level 4. HP: 28/40 MP: 3/3
  1277 | D:3      | Reached XP level 5. HP: 47/47 MP: 4/4
  1288 | D:3      | Killed from afar by an orc priest

Levels and vault maps discovered:
D:1:      psy_arrival_dodecagon, layout_loops_cross
D:2:      layout_rooms, first_ration
D:3:      layout_loops_ring, gammafunk_temple_overflow_wave,
          chequers_ecumenical_altar_island, gammafunk_ghost_grave,
          minmay_misc_feat_rugged

Skill      XL: |  1  2  3  4 |
---------------+-------------+-----
Axes           | 3 4 |  4.3
Fighting       | 4 |  4.5
Armour         | 4 |  4.4
Shields        | 4 |  4.4

Action                   |  1- 3 |  4- 6 || total
-------------------------+-------+-------++-------
Melee: War axe           |    74 |    23 ||    97
       Headbutt          |     8 |     6 ||    14
  Eat: Chunk             |       |     1 ||     1
Armor: Scale mail        |    48 |     6 ||    54
Dodge: Dodged            |    18 |     6 ||    24
Block: Shield            |    44 |     9 ||    53
